 Dungeon Crawl Stone Soup version 0.27-a0-1154-gfdeffcb (webtiles) character file.

Game seed: 16137904321552083342

61 Meow the Stinger (level 4, 36/36 HPs)
             Began as a Naga Venom Mage on May 14, 2021.
             Quit the game on level 2 of the Dungeon.
             The game lasted 00:04:07 (1217 turns).

Meow the Stinger (Naga Venom Mage)                  Turns: 1217, Time: 00:04:07

Health: 36/36      AC:  4    Str: 10    XL:     4   Next: 7%
Magic:  8/8        EV: 10    Int: 16    God:
Gold:   95         SH:  0    Dex: 12    Spells: 5/9 levels left

rFire    . . .     SeeInvis +   a - +0 dagger (venom)
rCold    . . .     Faith    .   (no shield)
rNeg     . . .     Spirit   .   d - +2 robe
rPois    +         Reflect  .   (no helmet)
rElec    .         Harm     .   (no cloak)
rCorr    .         Rampage  .   (no gloves)
Will     .....                  (no barding)
Stlth    ++........             (no amulet)
HPRegen  0.12/turn              (no ring)
MPRegen  0.11/turn              (no ring)

@: short of breath, very slow
A: AC +1, large, see invisible, deformed body, poison resistance, slowness 2,
spit poison 1, naga tail 1
a: Spit Poison


You were on level 2 of the Dungeon.
You visited 1 branch of the dungeon, and saw 2 of its levels.

You collected 95 gold pieces.

Inventory:

Hand Weapons
 a - a +0 dagger of venom (weapon)
 b - a +0 hand axe
 j - a +0 hunting sling
Missiles
 c - 14 bolts
 g - 23 stones
 h - 40 arrows
Armour
 d - a +2 robe (worn)
Scrolls
 f - a scroll of enchant weapon {unknown}
 i - a scroll of magic mapping {unknown}
Potions
 e - 2 potions of lignification {unknown}


   Skills:
 - Level 1.5 Dodging
 - Level 3.0 Stealth
 + Level 3.1 Spellcasting
 - Level 1.0 Transmutations
 + Level 5.3 Poison Magic


You had 5 spell levels left.
You knew the following spells:

 Your Spells              Type           Power      Damage    Failure   Level
a - Sting                 Tmut/Pois      48%        1d5       4%          1
c - Mephitic Cloud        Conj/Pois/Air  8%         N/A       26%         3

Your spell library contained the following spells:

 Spells                   Type           Power      Damage    Failure   Level
 Poisonous Vapours        Pois/Air       22%        N/A       10%         2
 Olgreb's Toxic Radiance  Pois           19%        N/A       21%         4
 Ignite Poison            Fire/Tmut/Pois 9%         N/A       24%         3


Dungeon Overview and Level Annotations

Branches:
Dungeon (2/15)

Altars:


Innate Abilities, Weirdness & Mutations

Your serpentine skin is tough. (AC +1)
You have supernaturally acute eyesight. (SInv)
Armour fits poorly on your strangely shaped body.
Your system is resistant to poisons. (rPois)
You cover ground very slowly.
You can spit poison.
You have a snake-like lower body.


Message History

Aim: a gnoll, wielding a +0 club (wandering, hasn't noticed you)
The splash of poison misses the gnoll.
Unknown command.
The gnoll shouts!
You hear a shout!
You have got your breath back.
Press: ? - help, Shift-Dir - straight line, f - gnoll
Aim: a gnoll, wielding a +0 flail The splash of poison hits the gnoll!
The gnoll is poisoned.
The gnoll is severely wounded.
You have got your breath back.
Casting: Sting (safe; 5% risk of failure)
Confirm with . or Enter, or press ? or * to list all spells.
You can't see any susceptible monsters within range! (Use Z to cast anyway.) Unknown command.
Casting: Sting (safe; 5% risk of failure)
Confirm with . or Enter, or press ? or * to list all spells.
You can't see any susceptible monsters within range! (Use Z to cast anyway.)
Press: ? - help, Shift-Dir - straight line, f/p - gnoll
Aim: a gnoll, wielding a +0 flail (severely wounded, poisoned)
The splash of poison hits the gnoll!
The gnoll looks even sicker.
You kill the gnoll!
Your Spellcasting skill increases to level 3!
You have got your breath back.
i - a scroll labelled ZUL HIREAM You see here a +0 flail.
A gnoll comes into view. It is wielding a +0 whip.
A gnoll is nearby!
The gnoll shouts!
Press: ? - help, Shift-Dir - straight line, f - gnoll
Aim: a gnoll, wielding a +0 whip The splash of poison hits the gnoll.
The gnoll is poisoned.
The gnoll is moderately wounded.
You have got your breath back.
Press: ? - help, Shift-Dir - straight line, f/p - gnoll
Aim: a gnoll, wielding a +0 whip (severely wounded, poisoned)
The splash of poison hits the gnoll!
The gnoll looks even sicker.
You kill the gnoll!
You have reached level 4!
You feel agile.
Are you sure you want to abandon this character and quit the game? (Confirm with "yes".)

##...............# ##.## ###.<#.#
#.....###.#.#.##.## #.# #.......
.......##.#........ .........##.#
.......##.###.........####.####.#
........... ####..##### #. #.#
#.....###..# ##.# .. ..# ##...##
#..# .# # ### ##.## #..#
###.###### #.# #..# #.@.......
#.# #..# #.#.###### #.#####..#
#.#.# #.##.g...####)#.#
#.##.##g..g.g...#
#........##.....#
###...##.##.....# ##.###.##.....#
#<...g##.....#


You could see a gnoll.

Vanquished Creatures
  2 gnolls (D:2)
  An adder (D:2)
  3 ball pythons
  2 endoplasms
  7 giant cockroaches
  3 goblins (D:1)
  3 hobgoblins (D:1)
  A jackal (D:1)
  3 frilled lizards
  3 kobolds (D:1)
  2 rats (D:2)
30 creatures vanquished.

Notes
Turn   | Place    | Note
-------+----------+-------------------------------------------
     0 | D:1      | Meow the Naga Venom Mage began the quest for the Orb.
     0 | D:1      | Reached XP level 1. HP: 15/15 MP: 3/3
    94 | D:1      | Reached XP level 2. HP: 22/22 MP: 5/5
   500 | D:1      | Reached XP level 3. HP: 28/28 MP: 3/6
   505 | D:1      | Learned a level 3 spell: Mephitic Cloud
   928 | D:2      | Reached skill level 5 in Poison Magic
  1216 | D:2      | Reached XP level 4. HP: 36/36 MP: 8/8
  1217 | D:2      | Quit the game

Illustrated notes

Levels and vault maps discovered:
D:1:      dpeg_arrival_simpleton_b, layout_loops_ring, minmay_misc_feat_square,
          minmay_tetromino_o4
D:2:      layout_loops_ring

Skill      XL: |  1  2  3 |
---------------+----------+-----
Poison Magic   | 5 |  5.3
Spellcasting   | 3 |  3.1
Dodging        | |  1.5
Stealth        | |  3.0
Transmutations | |  1.0

Action                   |  1- 3 |  4- 6 || total
-------------------------+-------+-------++-------
Melee: Short sword       |     4 |       ||     4
       Dagger            |     8 |       ||     8
 Cast: Sting             |    15 |       ||    15
       Mephitic Cloud    |     1 |       ||     1
 Abil: Spit Poison       |    36 |       ||    36
  Use: Scroll            |     3 |       ||     3
Armor: Robe              |     4 |       ||     4
Dodge: Dodged            |     8 |       ||     8

Table legend: (Time is in decaauts)
 A = Elapsed time spent in this place.
 B = Non-inter-level travel time spent in this place.
 C = Inter-level travel time spent in this place.
 D = Time resting spent in this place.
 E = Time spent auto-exploring this place.
 F = Levels seen in this place.
 G = Mean time per level.
                   A        B        C        D        E       F      G
               +--------+--------+--------+--------+--------+-----+--------+
         Total |   1599 |   1550 |     49 |    142 |   1121 |   2 |  799.5 |
       Dungeon |   1599 |   1550 |     49 |    142 |   1121 |   2 |  799.5 |
               +--------+--------+--------+--------+--------+-----+--------+

Top non-repeatable levels by time:
     D:1: 1046 daAuts
     D:2: 552 daAuts
